Map: Jagannatha LE

Players

Reynor - Winner!

  • Race: Zerg Zerg
  • League: Master

Serral

  • Race: Zerg Zerg
  • League: Master

Event: DreamHack SC2 Masters 2021 Summer

VOD

Have the link to the VOD?

Description

Time

  • Played on: June 4, 2021, 1:25 p.m.
  • Length: 8:44

All games in this series

Show
View Real Time Build Order
Export as new Build Order

Reynor Zerg - Winner!

Build Orders: Hatch First 

Get SALT Encoding   

  12  0:00  Drone  
  13  0:12  Overlord  
  13  0:17  Drone  
  14  0:30  Drone x2  
  16  0:49  Hatchery  
  15  0:51  Drone  
  15  0:55  Drone  
  17  0:58  Drone  
  18  1:09  Extractor  
  17  1:14  Spawning Pool  
  17  1:17  Drone  
  17  1:20  Drone  
  18  1:27  Drone  
  19  1:38  Drone  
  20  1:49  Drone  
  21  1:59  Overlord  
  21  2:00  Queen  
  21  2:01  Drone, Queen  
  26  2:09  Metabolic Boost  
  26  2:10  Drone  
  26  2:13  Drone  
  28  2:21  Drone  
  28  2:22  Drone  
  30  2:32  Zergling x2  
  31  2:37  Hatchery  
  31  2:40  Drone  
  31  2:47  Drone, Baneling Nest  
  31  2:48  Drone  
  32  2:54  Overlord  
  32  3:04  Drone x2  
  32  3:05  Drone  
  35  3:10  Zergling x2  
  36  3:13  Zergling x4  
  36  3:14  Overlord  
  36  3:17  Queen  
  40  3:20  Zergling x2  
  40  3:25  Drone  
  40  3:27  Drone, Evolution Chamber  
  43  3:29  Zergling x2  
  43  3:32  Drone  
  44  3:36  Overlord  
  44  3:38  Drone  
  45  3:45  Drone  
  45  3:46  Drone x2  
  45  3:48  Overlord  
  48  3:50  Drone  
  48  3:51  Drone  
  50  4:01  Drone x2  
  50  4:02  Drone, Zerg Missile Weapons Level 1  
  53  4:07  Drone  
  53  4:09  Roach Warren  
  53  4:12  Extractor  
  53  4:13  Extractor  
  53  4:14  Lair  
  53  4:15  Drone  
  51  4:17  Drone  
  51  4:18  Drone  
  51  4:19  Drone  
  51  4:21  Drone  
  51  4:23  Drone  
  56  4:24  Drone  
  56  4:27  Drone x2  
  56  4:29  Drone  
  56  4:30  Drone  
  61  4:32  Drone  
  61  4:36  Overlord  
  61  4:37  Drone  
  64  4:38  Drone  
  64  4:40  Drone  
  64  4:44  Overlord  
  64  4:46  Drone  
  64  4:50  Drone x3  
  64  4:51  Drone  
  64  4:52  Drone x2  
  71  4:57  Extractor  
  71  4:58  Drone  
  71  5:00  Overlord  
  71  5:07  Drone x6  
  71  5:10  Extractor  
  71  5:12  Extractor, Baneling  
  75  5:15  Drone  
  75  5:17  Drone  
  75  5:18  Spire, Overseer  
  75  5:20  Drone  
  76  5:30  Hatchery, Overlord  
  76  5:31  Drone  
  76  5:33  Zergling x12  
  76  5:35  Zergling x4  
  84  5:40  Overlord  
  84  5:42  Zergling x4  
  86  5:46  Baneling  
  86  5:50  Overlord  
  86  6:00  Zergling x8  
  86  6:01  Overlord  
  90  6:11  Glial Reconstitution  
  87  6:15  Overlord  
  82  6:20  Drone x2  
  82  6:21  Drone x2  
  82  6:24  Zerg Missile Weapons Level 2  
  86  6:26  Overlord  
  86  6:30  Extractor  
  86  6:32  Mutalisk x7  
  85  6:37  Overlord  
  97  6:45  Drone x3, Queen  
  101  6:47  Overlord  
  101  6:50  Roach x4  
  109  6:54  Roach x2  
  109  6:56  Overlord  
  109  7:00  Roach x3  
  116  7:07  Roach x4  
  123  7:12  Roach  
  125  7:15  Overlord  
  125  7:17  Roach  
  125  7:20  Roach  
  125  7:22  Roach x3  
  135  7:24  Overlord x2  
  135  7:25  Roach x3  
  141  7:32  Roach x5  
  141  7:34  Ravager x4  
  141  7:35  Overlord  
  155  7:38  Roach x2  
  155  7:43  Roach  
  161  7:47  Roach  
  161  7:50  Overlord  
  165  7:51  Roach x3  
  165  7:52  Roach  
  165  7:54  Baneling x5  
  165  7:57  Roach x2  
  165  7:58  Roach x5  
  185  8:02  Ravager x2  
  187  8:09  Infestation Pit  
  185  8:13  Roach x6  
  184  8:20  Roach x4  
  184  8:23  Roach x2  
Show
View Real Time Build Order
Export as new Build Order

Serral Zerg 

Build Orders: Hatch First 

Get SALT Encoding   

  12  0:00  Drone  
  13  0:13  Overlord  
  13  0:16  Drone  
  14  0:31  Drone x2  
  16  0:50  Hatchery  
  16  0:53  Drone  
  16  0:56  Drone  
  17  1:00  Drone  
  18  1:10  Extractor  
  17  1:14  Spawning Pool  
  17  1:17  Drone  
  17  1:20  Drone  
  18  1:28  Drone  
  19  1:39  Drone  
  20  1:49  Drone  
  21  2:00  Overlord  
  21  2:01  Queen  
  21  2:02  Queen  
  21  2:03  Zergling x2  
  26  2:09  Metabolic Boost  
  26  2:11  Drone  
  26  2:13  Drone  
  28  2:22  Drone  
  29  2:24  Drone  
  30  2:34  Hatchery  
  29  2:37  Drone  
  29  2:40  Drone  
  31  2:46  Baneling Nest  
  31  2:47  Drone  
  31  2:52  Overlord  
  31  2:56  Zergling x2  
  31  2:57  Drone  
  33  3:03  Queen  
  35  3:10  Drone x3  
  39  3:12  Drone  
  39  3:15  Zergling x2  
  39  3:17  Zergling x2  
  41  3:21  Overlord  
  41  3:23  Zergling x2  
  42  3:27  Zergling x2  
  42  3:29  Drone  
  42  3:33  Evolution Chamber  
  43  3:34  Drone  
  44  3:42  Drone x5  
  44  3:44  Drone  
  50  3:49  Overlord  
  50  3:50  Drone  
  50  3:52  Drone  
  52  4:01  Zerg Missile Weapons Level 1, Roach Warren  
  50  4:04  Zergling x2  
  50  4:05  Drone  
  50  4:06  Drone  
  50  4:08  Drone  
  54  4:10  Drone  
  54  4:12  Baneling  
  54  4:13  Zergling x2  
  54  4:14  Drone  
  54  4:15  Drone  
  58  4:17  Drone  
  58  4:21  Lair  
  58  4:22  Drone  
  60  4:28  Extractor  
  60  4:29  Extractor  
  60  4:31  Baneling, Zergling x2  
  57  4:33  Drone  
  57  4:34  Overlord  
  59  4:39  Drone x2  
  59  4:40  Drone x4  
  59  4:42  Drone  
  65  4:46  Overlord  
  65  4:50  Overlord  
  65  4:51  Extractor, Pneumatized Carapace  
  64  4:53  Drone x3  
  64  4:54  Drone  
  64  4:55  Drone  
  69  5:00  Drone  
  69  5:01  Drone  
  69  5:02  Drone x2  
  73  5:11  Drone x2  
  73  5:12  Overlord  
  75  5:17  Drone x2  
  75  5:19  Extractor  
  75  5:20  Extractor, Glial Reconstitution  
  75  5:21  Drone x2, Overseer  
  77  5:22  Overlord  
  78  5:28  Drone x2  
  78  5:30  Hatchery  
  78  5:34  Roach x3  
  83  5:39  Overlord  
  83  5:43  Roach x3  
  83  5:44  Roach  
  83  5:47  Overlord  
  91  5:51  Roach x3  
  97  5:59  Roach x4  
  97  6:04  Baneling x2  
  104  6:12  Queen x3  
  104  6:16  Hatchery  
  104  6:18  Drone x3  
  112  6:22  Infestation Pit  
  112  6:24  Zerg Ground Armor Level 1  
  111  6:29  Drone  
  111  6:32  Drone x2  
  112  6:34  Drone x3, Roach  
  112  6:38  Drone x2  
  112  6:39  Drone  
  118  6:44  Drone x2, Spore Crawler  
  118  6:47  Spore Crawler  
  118  6:48  Drone x2, Spore Crawler  
  118  6:52  Ravager  
  118  6:54  Baneling, Queen x2  
  122  7:03  Overlord x3  
  122  7:05  Overlord  
  121  7:13  Queen, Spore Crawler  
  121  7:16  Spore Crawler  
  121  7:18  Infestor x2  
  121  7:19  Spore Crawler  
  121  7:20  Spore Crawler  
  121  7:22  Spore Crawler  
  119  7:23  Spore Crawler  
  119  7:25  Spore Crawler  
  119  7:26  Infestor  
  119  7:28  Spore Crawler  
  118  7:31  Overseer  
  118  7:36  Overlord, Roach x2  
  122  7:42  Roach  
  122  7:43  Roach x2  
  128  7:47  Roach x3  
  135  7:53  Overlord  
  135  7:57  Roach x5  
  145  8:01  Ravager  
  145  8:02  Ravager x4  
  145  8:03  Roach x4  
  158  8:07  Roach  
  160  8:14  Roach x3  
  142  8:20  Roach x2  
Tags
 
Add a new tag
Caveats
  • Supply blocks, unpowered buildings, or Contaminate may cause inaccurate times.
  • Supply counts are checked every 10 seconds.